 Dungeon Crawl Stone Soup version 0.28.0-45-g0d030f2227 (webtiles) character file.

Game seed: 17794669332544615305

194 zeratav the Insei (level 5, -12/35 HPs)
             Began as an Octopode Transmuter on Apr 11, 2022.
             Killed by nerve-wracking pain
             ... invoked by an orc priest
              (14 damage)
             ... on level 3 of the Dungeon.
             The game lasted 00:02:42 (3019 turns).

zeratav the Insei (Octopode Transmuter)             Turns: 3019, Time: 00:02:42

Health: -12/35     AC:  1    Str: 10    XL:     5   Next: 73%
Magic:  8/8        EV: 14    Int: 15    God:
Gold:   105        SH:  0    Dex: 14    Spells: 7/8 levels left

rFire   . . .      SeeInvis .     - Unarmed
rCold   . . .      Faith    .   (no shield)
rNeg    . . .      Spirit   .   (helmet currently unavailable)
rPois   .          Reflect  .   (no amulet)
rElec   .          Harm     .   (no ring)
rCorr   .          Rampage  .   (no ring)
Will    .....                   (no ring)
Stlth   +++.......              (no ring)
HPRegen 0.11/turn               (no ring)
MPRegen 0.11/turn               (no ring)
                                (no ring)
                                (no ring)

@: appendages
A: tentacle spike 3, almost no armour, amphibious, 8 rings, camouflage 1,
gelatinous body 1, (nimble swimmer 1), tentacles
a: End Transformation


You were on level 3 of the Dungeon.
One of your tentacles had grown a beastly spike.
You visited 1 branch of the dungeon, and saw 3 of its levels.

You collected 105 gold pieces.


Innate Abilities, Weirdness & Mutations

One of your tentacles has grown a beastly spike.
You cannot wear most types of armour.
You are amphibious.
You can wear up to eight rings at the same time.
Your skin changes colour to match your surroundings (Stealth+).
Your rubbery body absorbs attacks. (AC +1, EV +1)
((You are camouflaged when in or above water. (Stealth+)))
You have tentacles for arms and can constrict up to eight enemies at once.


   Skills:
 + Level 2.4 Fighting
 + Level 3.1 Dodging
 + Level 3.2 Stealth
 * Level 4.5 Unarmed Combat
 - Level 2.0 Spellcasting
 - Level 2.0 Transmutations


You had 7 spell levels left.
You knew the following spells:

 Your Spells              Type           Power      Damage    Failure   Level
a - Beastly Appendage     Tmut           14%        N/A       10%         1

Your spell library contained the following spells:

 Spells                   Type           Power      Damage    Failure   Level
 Wereblood                Tmut           7%         N/A       14%         2
 Spider Form              Tmut/Pois      4%         N/A       41%         3
 Ice Form                 Ice/Tmut       4%         N/A       82%         4

Inventory:

Scrolls
 b - a scroll of noise {unknown}
 c - 2 scrolls of teleportation {unknown}
Potions
 a - 2 potions of ambrosia {unknown}
 d - a potion of might {unknown}
 e - a potion of haste {unknown}

Dungeon Overview and Level Annotations

Branches:
Dungeon (3/15)

Altars:

Shops:
D:1

* ≈≈≈PPP♣≈#
≈≈≈≈≈≈≈≈.. ...#
≈≈≈≈≈≈♣≈.. ...
≈≈≈≈≈≈≈♣P. ..
≈≈≈≈≈≈≈♣
#########.# #
≈≈≈≈≈P≈≈♣
#........#?#
≈≈≈≈≈≈≈P♣
#.....o.o..
≈≈≈≈≈≈P♣♣ #.....oo#
≈≈≈≈≈≈≈≈♣.#.....@.#
≈≈≈≈≈≈P♣≈.........#
≈≈≈≈≈≈≈♣♣####.#####
≈≈≈≈P≈≈≈♣#.##.#
≈≈≈≈P≈≈♣.#<...#
≈≈≈≈≈≈♣♣...#######
≈≈≈≈♣≈♣♣..........
≈≈♣≈≈≈♣≈..........
≈P≈≈≈♣≈##.........


You could see 2 orc priests and 2 orcs.


Message History

MASSIVE DAMAGE!! (PAUSE)
You tentacle-slap the gnoll.
You constrict the gnoll, but do no damage.
You feel sick. The gnoll closely misses you. The gnoll barely misses you.
HP[-2]
You take 2 damage, and now have 18/34 hp.
You tentacle-slap the gnoll.
You kill the gnoll!
You feel sick. The gnoll closely misses you.
Your Stealth skill increases to level 3!
HP[-2]
You take 2 damage, and now have 16/34 hp.
You feel sick. The gnoll closely misses you.
Items here: )) ††.
HP[-2]
You take 2 damage, and now have 14/34 hp.
You tentacle-slap the gnoll but do no damage.
You grab the gnoll. You squeeze the gnoll. You constrict the gnoll.
You feel sick. The gnoll closely misses you.
HP[-1]
You take 1 damage, and now have 13/34 hp.
You tentacle-slap the gnoll. You constrict the gnoll.
You feel sick. The gnoll misses you.
HP[-1]
You take 1 damage, and now have 12/34 hp.
You tentacle-slap the gnoll.
You kill the gnoll!
You feel sick.
Your Dodging skill increases to level 3!
You now have 35 max hp (+1).
You feel sick.
Things that are here:
a +0 spear of venom {polearm}; a gnoll corpse HP[-1]
You take 1 damage, and now have 11/35 hp.
Okay, then.
You feel sick.
You feel sick.
You are no longer poisoned.
Found a stone staircase leading up.
HP[+24]
Your hp is fully restored (35).
An orc wizard comes into view. It is wielding a +0 dagger.
The orc wizard shouts!
One of your tentacles grows a vicious spike.
An orc priest comes into view. It is wielding a +0 hand axe.
The orc wizard points at you and mumbles some strange words.
You resist with some effort.
MP[-1]
You lost 1 mp, and now have 7/8 mp.
The orc priest shouts!
An orc comes into view. It is wielding a +0 club.
The orc wizard closely misses you.
The orc priest invokes the aid of Beogh against you.
Beogh smites you!
HP[-12]
You take 12 damage, and now have 23/35 hp.
MASSIVE DAMAGE!! (PAUSE)
The orc shouts!
You tentacle-slap the orc wizard. Your grab misses the orc wizard.
You pierce the orc wizard.
Your squeeze misses the orc wizard.
You hear an angry hiss.
The orc wizard hits you but does no damage.
An orc priest comes into view. It is wielding a +0 dagger.
An orc comes into view. It is wielding a +0 club.
You tentacle-slap the orc wizard. You grab the orc wizard.
You constrict the orc wizard. The orc wizard barely misses you.
HP[+1]
You tentacle-slap the orc wizard but do no damage.
You constrict the orc wizard. The orc priest barely misses you.
The orc wizard casts a spell at you. The puff of flame hits you!
* * * LOW HITPOINT WARNING * * *
HP[-9]
You take 9 damage, and now have 15/35 hp.
MASSIVE DAMAGE!! (PAUSE)
You tentacle-slap the orc wizard.
You kill the orc wizard!
The orc priest closely misses you.
The orc priest miscasts a cantrip.
You closely miss the orc priest. You grab the orc priest.
You pierce the orc priest.
You constrict the orc priest, but do no damage.
The orc priest hits you with a +0 hand axe.
* * * LOW HITPOINT WARNING * * *
The orc hits you with a +0 club.
* * * LOW HITPOINT WARNING * * *
The orc priest calls down the wrath of Beogh upon you.
Beogh smites you!
* * * LOW HITPOINT WARNING * * *
HP[-13] MP[+1]
You take 13 damage, and now have 2/35 hp.
MASSIVE DAMAGE!! (PAUSE)
Your mp is fully restored (8).
You tentacle-slap the orc priest.
You pierce the orc priest, but do no damage.
You constrict the orc priest, but do no damage.
The orc priest invokes the aid of Beogh against you.
Pain shoots through your body!
You die...

Skill      XL: |  1  2  3  4  5 |
---------------+----------------+-----
Stealth        | 1 2 3 |  3.2
Unarmed Combat | 4 |  4.5
Fighting       | 2 |  2.4
Dodging        | 3 |  3.1
Spellcasting   | |  2.0
Transmutations | |  2.0

Action                   |  1- 3 |  4- 6 || total
-------------------------+-------+-------++-------
Melee: Unarmed           |    47 |    56 ||   103
       Kick              |    13 |    20 ||    33
       Constrict         |    11 |    18 ||    29
       Tentacles         |     5 |    13 ||    18
 Cast: Beastly Appendage |    16 |    15 ||    31
 Stab: Sleeping          |     3 |     7 ||    10
Armor: Skin              |     5 |     3 ||     8
Dodge: Dodged            |    33 |    28 ||    61

Levels and vault maps discovered:
D:1:      evilmike_arrival_plus, layout_basic, serial_shops,
          nicolae_shop_hallway_plus
D:2:      layout_rooms, shapermc_ecumenical_altar_totnotflames,
          minmay_misc_feat_tiny
D:3:      layout_basic, serial_bayou, serial_bayou_lake_a, serial_bayou_pond_d,
          serial_bayou_pond_e, serial_bayou_pond_b, serial_bayou_shore_a,
          uniq_jessica

Notes
Turn   | Place    | Note
-------+----------+-------------------------------------------
     0 | D:1      | zeratav the Octopode Transmuter began the quest for the
                  | Orb.
     0 | D:1      | Reached XP level 1. HP: 13/13 MP: 3/3
     0 | D:1      | magus.rc [v1.9.6]
   106 | D:1      | Found Bicah's General Store.
   441 | D:1      | Reached XP level 2. HP: 11/18 MP: 3/5
   753 | D:1      | Reached skill level 1 in Stealth
  1225 | D:2      | Reached XP level 3. HP: 13/23 MP: 4/6
  1767 | D:2      | Reached skill level 2 in Stealth
  1767 | D:2      | Reached XP level 4. HP: 26/29 MP: 5/7
  1858 | D:2      | Found a faded altar of an unknown god.
  1974 | D:2      | Reached skill level 4 in Unarmed Combat
  2062 | D:2      | Reached skill level 2 in Fighting
  2518 | D:3      | Identified the +8 plate armour "Kouxir" {*Slow rC++ Regen+}
  2636 | D:3      | Noticed Jessica
  2644 | D:3      | Killed Jessica
  2645 | D:3      | Reached XP level 5. HP: 29/34 MP: 6/8
  2731 | D:3      | Reached skill level 3 in Stealth
  2735 | D:3      | Reached skill level 3 in Dodging
  3018 | D:3      | HP: 2/35 [orc priest/divine providence (9)]
  3019 | D:3      | Killed from afar by an orc priest

Vanquished Creatures
  Jessica (D:3)
  An orc wizard (D:3)
  3 gnolls (D:3)
  7 adders
  3 worms
  A dart slug (D:2)
  An orc (D:3)
  6 endoplasms
  A giant cockroach (D:2)
  A goblin (D:2)
  6 hobgoblins
  2 quokkas
  3 ball pythons
  4 bats
  2 frilled lizards
  3 kobolds
  2 rats
47 creatures vanquished.

Table legend:
 A = Non-vault XP
 B = Vault XP
 C = Vault XP percentage of total XP
 D = Non-vault monster count
 E = Vault monster count
 F = Vault count percentage of total count
                 A         B        C        D         E       F
            +---------+---------+-------+---------+---------+-------
      Total |     239 |      39 |  14.0 |      45 |       2 |   4.3
            +---------+---------+-------+---------+---------+-------
        D:1 |      14 |       0 |   0.0 |       8 |       0 |   0.0
        D:2 |     110 |       0 |   0.0 |      21 |       0 |   0.0
        D:3 |     115 |      39 |  25.3 |      16 |       2 |  11.1
            +---------+---------+-------+---------+---------+-------

Illustrated notes

Table legend:
 A = Kills in this place as a percentage of kills in entire the game.
 B = Kills by you in this place as a percentage of kills by you in the entire game.
 C = Kills by friends in this place as a percentage of kills by friends in the entire game.
 D = Other kills in this place as a percentage of other kills in the entire game.
 E = Experience gained in this place as a percentage of experience gained in the entire game.
 F = Experience gained in this place divided by the number of levels of this place that you have seen.
                   A       B       C       D       E      F
               +-------+-------+-------+-------+-------+----------------------
         Total | 100.0 | 100.0 |   N/A |   N/A | 100.0 |  92.7
       Dungeon | 100.0 | 100.0 |   N/A |   N/A | 100.0 |  92.7
               +-------+-------+-------+-------+-------+----------------------

Table legend: (Time is in decaauts)
 A = Elapsed time spent in this place.
 B = Non-inter-level travel time spent in this place.
 C = Inter-level travel time spent in this place.
 D = Time resting spent in this place.
 E = Time spent auto-exploring this place.
 F = Levels seen in this place.
 G = Mean time per level.
                   A        B        C        D        E       F      G
               +--------+--------+--------+--------+--------+-----+--------+
         Total |   3011 |   2967 |     44 |    189 |   2459 |   3 | 1003.7 |
       Dungeon |   3011 |   2967 |     44 |    189 |   2459 |   3 | 1003.7 |
               +--------+--------+--------+--------+--------+-----+--------+

Top non-repeatable levels by time:
     D:2: 1251 daAuts
     D:1: 1042 daAuts
     D:3: 717 daAuts
